Workbook

Sheet Janeiro
B2: Planilha Financeira
B3: DEMO • DADOS FICTÍCIOS
B4: Receitas | C4: =SUM(C$7:C$16) -> 19560 | G4: Relação | AB4: Não são números aleatórios, são dados usados nos gráficos | AG4: Não apagar!
B6: Receita | C6: Valor | G6: Entrada | H6: Saída
B7: Produção de Leite | C7: 14580 | G7: =Janeiro!C4 -> 19560 | H7: =Janeiro!C18 -> 11525 | AB7: {=_xlfn._xlws.FILTER(B7:B16, C7:C16>0)} -> Produção de Leite | AC7: {=_xlfn._xlws.FILTER(C7:C16, C7:C16>0)} -> 14580 | AF7: =$G7 -> 19560 | AG7: =$H7 -> 11525 | AH7: =$H18 -> 8035
B8: Venda de Animais | C8: 4200 | AB8: Venda de Animais | AC8: 4200
B9: Outros | C9: 780 | AB9: Outros | AC9: 780
B18: Despesas | C18: =SUM(C$21:C$31) -> 11525 | G18: Saldo | H18: =G7-H7 -> 8035
B20: Despesa | C20: Custo
B21: Alimentação | C21: =SUMIF(Despesas4[Categoria], B21, Despesas4[Valor]) -> 3495 | AB21: {=_xlfn._xlws.FILTER(B21:B31, C21:C31>0)} -> Alimentação | AC21: {=_xlfn._xlws.FILTER(C21:C33, C21:C33>0)} -> 3495
B22: Despesas veterinárias | C22: =SUMIF(Despesas4[Categoria], B22, Despesas4[Valor]) -> 715 | AB22: Despesas veterinárias | AC22: 715
B23: Gastos domésticos | C23: =SUMIF(Despesas4[Categoria], B23, Despesas4[Valor]) -> 745 | AB23: Gastos domésticos | AC23: 745
B24: Transporte | C24: =SUMIF(Despesas4[Categoria], B24, Despesas4[Valor]) -> 945 | AB24: Transporte | AC24: 945
B25: Funcionários | C25: =SUMIF(Despesas4[Categoria], B25, Despesas4[Valor]) -> 2280 | AB25: Funcionários | AC25: 2280
B26: Animais de estimação | C26: =SUMIF(Despesas4[Categoria], B26, Despesas4[Valor]) -> 170 | AB26: Animais de estimação | AC26: 170
B27: Cheque | C27: =SUMIF(Despesas4[Categoria], B27, Despesas4[Valor]) -> 0 | AB27: Cartão de crédito | AC27: 490
B28: Cartão de crédito | C28: =SUMIF(Despesas4[Categoria], B28, Despesas4[Valor]) -> 490 | AB28: Assinaturas | AC28: 115
B29: Assinaturas | C29: =SUMIF(Despesas4[Categoria], B29, Despesas4[Valor]) -> 115 | AB29: Outros | AC29: 390
B30: Outros | C30: =SUMIF(Despesas4[Categoria], B30, Despesas4[Valor]) -> 390 | AB30: Gastos Fixos | AC30: 2180
B31: Gastos Fixos | C31: =SUM(G36:G76) -> 2180
B33: Lista de Despesas | G33: Gastos Fixos
B35: Data | C35: Valor | D35: Categoria | E35: Descrição | G35: Valor | H35: Descrição
B36: 46024 | C36: 1960 | D36: Alimentação | E36: Ração e suplemento animal | G36: 980 | H36: Energia da propriedade
B37: 46026 | C37: 1535 | D37: Alimentação | E37: Compra complementar de ração | G37: 180 | H37: Internet
B38: 46028 | C38: 380 | D38: Despesas veterinárias | E38: Medicamentos veterinários | G38: 260 | H38: Contabilidade
B39: 46030 | C39: 335 | D39: Despesas veterinárias | E39: Atendimento veterinário | G39: 310 | H39: Seguro
B40: 46032 | C40: 745 | D40: Gastos domésticos | E40: Compras domésticas | G40: 450 | H40: Manutenção preventiva
B41: 46034 | C41: 605 | D41: Transporte | E41: Combustível
B42: 46036 | C42: 340 | D42: Transporte | E42: Manutenção de veículo
B43: 46038 | C43: 2280 | D43: Funcionários | E43: Pagamento de mão de obra
B44: 46040 | C44: 170 | D44: Animais de estimação | E44: Ração e cuidados
B45: 46042 | C45: 490 | D45: Cartão de crédito | E45: Compras operacionais no cartão
B46: 46044 | C46: 115 | D46: Assinaturas | E46: Serviços e assinaturas
B47: 46046 | C47: 390 | D47: Outros | E47: Pequenos reparos e materiais

Sheet Fevereiro
B2: Planilha Financeira
B4: Receitas | C4: =SUM(C$7:C$16) -> 0 | G4: Relação | AB4: Não são números aleatórios, são dados usados nos gráficos | AG4: Não apagar!
B6: Receita | C6: Valor | G6: Entrada | H6: Saída
B7: Produção de Leite | G7: =Fevereiro!C4 -> 0 | H7: =Fevereiro!C18 -> 2180 | AB7: {=_xlfn._xlws.FILTER(B7:B16, C7:C16>0)} -> #VALUE! | AC7: {=_xlfn._xlws.FILTER(C7:C16, C7:C16>0)} -> #VALUE! | AF7: =$G7 -> 0 | AG7: =$H7 -> 2180 | AH7: =$H18 -> -2180
B8: Venda de Animais
B9: Outros
B18: Despesas | C18: =SUM(C$21:C$31) -> 2180 | G18: Saldo | H18: =G7-H7 -> -2180
B20: Despesa | C20: Custo
B21: Alimentação | C21: =SUMIF(Despesas4131559111719[Categoria], B21, Despesas4131559111719[Valor]) -> 0 | AB21: {=_xlfn._xlws.FILTER(B21:B31, C21:C31>0)} -> Gastos Fixos | AC21: {=_xlfn._xlws.FILTER(C21:C33, C21:C33>0)} -> 2180
B22: Despesas veterinárias | C22: =SUMIF(Despesas4131559111719[Categoria], B22, Despesas4131559111719[Valor]) -> 0
B23: Gastos domésticos | C23: =SUMIF(Despesas4131559111719[Categoria], B23, Despesas4131559111719[Valor]) -> 0
B24: Transporte | C24: =SUMIF(Despesas4131559111719[Categoria], B24, Despesas4131559111719[Valor]) -> 0
B25: Funcionários | C25: =SUMIF(Despesas4131559111719[Categoria], B25, Despesas4131559111719[Valor]) -> 0
B26: Animais de estimação | C26: =SUMIF(Despesas4131559111719[Categoria], B26, Despesas4131559111719[Valor]) -> 0
B27: Cheque | C27: =SUMIF(Despesas4131559111719[Categoria], B27, Despesas4131559111719[Valor]) -> 0
B28: Cartão de crédito | C28: =SUMIF(Despesas4131559111719[Categoria], B28, Despesas4131559111719[Valor]) -> 0
B29: Assinaturas | C29: =SUMIF(Despesas4131559111719[Categoria], B29, Despesas4131559111719[Valor]) -> 0
B30: Outros | C30: =SUMIF(Despesas4131559111719[Categoria], B30, Despesas4131559111719[Valor]) -> 0
B31: Gastos Fixos | C31: =SUM(G36:G76) -> 2180
B33: Lista de Despesas | G33: Gastos Fixos
B35: Data | C35: Valor | D35: Categoria | E35: Descrição | G35: Valor | H35: Descrição
B36: CTRL + ; adiciona a data auto | G36: =IF(Janeiro!G36="", "", Janeiro!G36) -> 980 | H36: =IF(Janeiro!H36="", "", Janeiro!H36) -> Energia da propriedade
G37: =IF(Janeiro!G37="", "", Janeiro!G37) -> 180 | H37: =IF(Janeiro!H37="", "", Janeiro!H37) -> Internet
G38: =IF(Janeiro!G38="", "", Janeiro!G38) -> 260 | H38: =IF(Janeiro!H38="", "", Janeiro!H38) -> Contabilidade
G39: =IF(Janeiro!G39="", "", Janeiro!G39) -> 310 | H39: =IF(Janeiro!H39="", "", Janeiro!H39) -> Seguro
G40: =IF(Janeiro!G40="", "", Janeiro!G40) -> 450 | H40: =IF(Janeiro!H40="", "", Janeiro!H40) -> Manutenção preventiva
G41: =IF(Janeiro!G41="", "", Janeiro!G41) | H41: =IF(Janeiro!H41="", "", Janeiro!H41)
G42: =IF(Janeiro!G42="", "", Janeiro!G42) | H42: =IF(Janeiro!H42="", "", Janeiro!H42)
G43: =IF(Janeiro!G43="", "", Janeiro!G43) | H43: =IF(Janeiro!H43="", "", Janeiro!H43)
G44: =IF(Janeiro!G44="", "", Janeiro!G44) | H44: =IF(Janeiro!H44="", "", Janeiro!H44)
G45: =IF(Janeiro!G45="", "", Janeiro!G45) | H45: =IF(Janeiro!H45="", "", Janeiro!H45)
G46: =IF(Janeiro!G46="", "", Janeiro!G46) | H46: =IF(Janeiro!H46="", "", Janeiro!H46)
G47: =IF(Janeiro!G47="", "", Janeiro!G47) | H47: =IF(Janeiro!H47="", "", Janeiro!H47)
G48: =IF(Janeiro!G48="", "", Janeiro!G48) | H48: =IF(Janeiro!H48="", "", Janeiro!H48)
... G76: =IF(Janeiro!G76="", "", Janeiro!G76) | H76: =IF(Janeiro!H76="", "", Janeiro!H76)

Sheet Março
B2: Planilha Financeira
B4: Receitas | C4: =SUM(C$7:C$16) -> 0 | G4: Relação | AB4: Não são números aleatórios, são dados usados nos gráficos | AG4: Não apagar!
B6: Receita | C6: Valor | G6: Entrada | H6: Saída
B7: Produção de Leite | G7: =Março!C4 -> 0 | H7: =Março!C18 -> 2180 | AB7: {=_xlfn._xlws.FILTER(B7:B16, C7:C16>0)} -> #VALUE! | AC7: {=_xlfn._xlws.FILTER(C7:C16, C7:C16>0)} -> #VALUE! | AF7: =$G7 -> 0 | AG7: =$H7 -> 2180 | AH7: =$H18 -> -2180
B8: Venda de Animais
B9: Outros
B18: Despesas | C18: =SUM(C$21:C$31) -> 2180 | G18: Saldo | H18: =G7-H7 -> -2180
B20: Despesa | C20: Custo
B21: Alimentação | C21: =SUMIF(Despesas413155911171921[Categoria], B21, Despesas413155911171921[Valor]) -> 0 | AB21: {=_xlfn._xlws.FILTER(B21:B31, C21:C31>0)} -> Gastos Fixos | AC21: {=_xlfn._xlws.FILTER(C21:C33, C21:C33>0)} -> 2180
B22: Despesas veterinárias | C22: =SUMIF(Despesas413155911171921[Categoria], B22, Despesas413155911171921[Valor]) -> 0
B23: Gastos domésticos | C23: =SUMIF(Despesas413155911171921[Categoria], B23, Despesas413155911171921[Valor]) -> 0
B24: Transporte | C24: =SUMIF(Despesas413155911171921[Categoria], B24, Despesas413155911171921[Valor]) -> 0
B25: Funcionários | C25: =SUMIF(Despesas413155911171921[Categoria], B25, Despesas413155911171921[Valor]) -> 0
B26: Animais de estimação | C26: =SUMIF(Despesas413155911171921[Categoria], B26, Despesas413155911171921[Valor]) -> 0
B27: Cheque | C27: =SUMIF(Despesas413155911171921[Categoria], B27, Despesas413155911171921[Valor]) -> 0
B28: Cartão de crédito | C28: =SUMIF(Despesas413155911171921[Categoria], B28, Despesas413155911171921[Valor]) -> 0
B29: Assinaturas | C29: =SUMIF(Despesas413155911171921[Categoria], B29, Despesas413155911171921[Valor]) -> 0
B30: Outros | C30: =SUMIF(Despesas413155911171921[Categoria], B30, Despesas413155911171921[Valor]) -> 0
B31: Gastos Fixos | C31: =SUM(G36:G76) -> 2180
B33: Lista de Despesas | G33: Gastos Fixos
B35: Data | C35: Valor | D35: Categoria | E35: Descrição | G35: Valor | H35: Descrição
B36: CTRL + ; adiciona a data auto | G36: =IF(Fevereiro!G36="", "", Fevereiro!G36) -> 980 | H36: =IF(Fevereiro!H36="", "", Fevereiro!H36) -> Energia da propriedade
G37: =IF(Fevereiro!G37="", "", Fevereiro!G37) -> 180 | H37: =IF(Fevereiro!H37="", "", Fevereiro!H37) -> Internet
G38: =IF(Fevereiro!G38="", "", Fevereiro!G38) -> 260 | H38: =IF(Fevereiro!H38="", "", Fevereiro!H38) -> Contabilidade
G39: =IF(Fevereiro!G39="", "", Fevereiro!G39) -> 310 | H39: =IF(Fevereiro!H39="", "", Fevereiro!H39) -> Seguro
G40: =IF(Fevereiro!G40="", "", Fevereiro!G40) -> 450 | H40: =IF(Fevereiro!H40="", "", Fevereiro!H40) -> Manutenção preventiva
G41: =IF(Fevereiro!G41="", "", Fevereiro!G41) | H41: =IF(Fevereiro!H41="", "", Fevereiro!H41)
G42: =IF(Fevereiro!G42="", "", Fevereiro!G42) | H42: =IF(Fevereiro!H42="", "", Fevereiro!H42)
G43: =IF(Fevereiro!G43="", "", Fevereiro!G43) | H43: =IF(Fevereiro!H43="", "", Fevereiro!H43)
G44: =IF(Fevereiro!G44="", "", Fevereiro!G44) | H44: =IF(Fevereiro!H44="", "", Fevereiro!H44)
G45: =IF(Fevereiro!G45="", "", Fevereiro!G45) | H45: =IF(Fevereiro!H45="", "", Fevereiro!H45)
G46: =IF(Fevereiro!G46="", "", Fevereiro!G46) | H46: =IF(Fevereiro!H46="", "", Fevereiro!H46)
G47: =IF(Fevereiro!G47="", "", Fevereiro!G47) | H47: =IF(Fevereiro!H47="", "", Fevereiro!H47)
G48: =IF(Fevereiro!G48="", "", Fevereiro!G48) | H48: =IF(Fevereiro!H48="", "", Fevereiro!H48)
... G76: =IF(Fevereiro!G76="", "", Fevereiro!G76) | H76: =IF(Fevereiro!H76="", "", Fevereiro!H76)

Sheet Abril
B2: Planilha Financeira
B4: Receitas | C4: =SUM(C$7:C$16) -> 0 | G4: Relação | AB4: Não são números aleatórios, são dados usados nos gráficos | AG4: Não apagar!
B6: Receita | C6: Valor | G6: Entrada | H6: Saída
B7: Produção de Leite | G7: =Abril!C4 -> 0 | H7: =Abril!C18 -> 2180 | AB7: {=_xlfn._xlws.FILTER(B7:B16, C7:C16>0)} -> #VALUE! | AC7: {=_xlfn._xlws.FILTER(C7:C16, C7:C16>0)} -> #VALUE! | AF7: =$G7 -> 0 | AG7: =$H7 -> 2180 | AH7: =$H18 -> -2180
B8: Venda de Animais
B9: Outros
B18: Despesas | C18: =SUM(C$21:C$31) -> 2180 | G18: Saldo | H18: =G7-H7 -> -2180
B20: Despesa | C20: Custo
B21: Alimentação | C21: =SUMIF(Despesas413[Categoria], B21, Despesas413[Valor]) -> 0 | AB21: {=_xlfn._xlws.FILTER(B21:B31, C21:C31>0)} -> Gastos Fixos | AC21: {=_xlfn._xlws.FILTER(C21:C33, C21:C33>0)} -> 2180
B22: Despesas veterinárias | C22: =SUMIF(Despesas413[Categoria], B22, Despesas413[Valor]) -> 0
B23: Gastos domésticos | C23: =SUMIF(Despesas413[Categoria], B23, Despesas413[Valor]) -> 0
B24: Transporte | C24: =SUMIF(Despesas413[Categoria], B24, Despesas413[Valor]) -> 0
B25: Funcionários | C25: =SUMIF(Despesas413[Categoria], B25, Despesas413[Valor]) -> 0
B26: Animais de estimação | C26: =SUMIF(Despesas413[Categoria], B26, Despesas413[Valor]) -> 0
B27: Cheque | C27: =SUMIF(Despesas413[Categoria], B27, Despesas413[Valor]) -> 0
B28: Cartão de crédito | C28: =SUMIF(Despesas413[Categoria], B28, Despesas413[Valor]) -> 0
B29: Assinaturas | C29: =SUMIF(Despesas413[Categoria], B29, Despesas413[Valor]) -> 0
B30: Outros | C30: =SUMIF(Despesas413[Categoria], B30, Despesas413[Valor]) -> 0
B31: Gastos Fixos | C31: =SUM(G36:G76) -> 2180
B33: Lista de Despesas | G33: Gastos Fixos
B35: Data | C35: Valor | D35: Categoria | E35: Descrição | G35: Valor | H35: Descrição
B36: CTRL + ; adiciona a data auto | G36: =IF(Março!G36="", "", Março!G36) -> 980 | H36: =IF(Março!H36="", "", Março!H36) -> Energia da propriedade
G37: =IF(Março!G37="", "", Março!G37) -> 180 | H37: =IF(Março!H37="", "", Março!H37) -> Internet
G38: =IF(Março!G38="", "", Março!G38) -> 260 | H38: =IF(Março!H38="", "", Março!H38) -> Contabilidade
G39: =IF(Março!G39="", "", Março!G39) -> 310 | H39: =IF(Março!H39="", "", Março!H39) -> Seguro
G40: =IF(Março!G40="", "", Março!G40) -> 450 | H40: =IF(Março!H40="", "", Março!H40) -> Manutenção preventiva
G41: =IF(Março!G41="", "", Março!G41) | H41: =IF(Março!H41="", "", Março!H41)
G42: =IF(Março!G42="", "", Março!G42) | H42: =IF(Março!H42="", "", Março!H42)
G43: =IF(Março!G43="", "", Março!G43) | H43: =IF(Março!H43="", "", Março!H43)
G44: =IF(Março!G44="", "", Março!G44) | H44: =IF(Março!H44="", "", Março!H44)
G45: =IF(Março!G45="", "", Março!G45) | H45: =IF(Março!H45="", "", Março!H45)
G46: =IF(Março!G46="", "", Março!G46) | H46: =IF(Março!H46="", "", Março!H46)
G47: =IF(Março!G47="", "", Março!G47) | H47: =IF(Março!H47="", "", Março!H47)
G48: =IF(Março!G48="", "", Março!G48) | H48: =IF(Março!H48="", "", Março!H48)
... G76: =IF(Março!G76="", "", Março!G76) | H76: =IF(Março!H76="", "", Março!H76)

Sheet Maio
B2: Planilha Financeira
B4: Receitas | C4: =SUM(C$7:C$16) -> 0 | G4: Relação | AB4: Não são números aleatórios, são dados usados nos gráficos | AG4: Não apagar!
B6: Receita | C6: Valor | G6: Entrada | H6: Saída
B7: Produção de Leite | G7: =Maio!C4 -> 0 | H7: =Maio!C18 -> 2180 | AB7: {=_xlfn._xlws.FILTER(B7:B16, C7:C16>0)} -> #VALUE! | AC7: {=_xlfn._xlws.FILTER(C7:C16, C7:C16>0)} -> #VALUE! | AF7: =$G7 -> 0 | AG7: =$H7 -> 2180 | AH7: =$H18 -> -2180
B8: Venda de Animais
B9: Outros
B18: Despesas | C18: =SUM(C$21:C$31) -> 2180 | G18: Saldo | H18: =G7-H7 -> -2180
B20: Despesa | C20: Custo
B21: Alimentação | C21: =SUMIF(Despesas41315[Categoria], B21, Despesas41315[Valor]) -> 0 | AB21: {=_xlfn._xlws.FILTER(B21:B31, C21:C31>0)} -> Gastos Fixos | AC21: {=_xlfn._xlws.FILTER(C21:C33, C21:C33>0)} -> 2180
B22: Despesas veterinárias | C22: =SUMIF(Despesas41315[Categoria], B22, Despesas41315[Valor]) -> 0
B23: Gastos domésticos | C23: =SUMIF(Despesas41315[Categoria], B23, Despesas41315[Valor]) -> 0
B24: Transporte | C24: =SUMIF(Despesas41315[Categoria], B24, Despesas41315[Valor]) -> 0
B25: Funcionários | C25: =SUMIF(Despesas41315[Categoria], B25, Despesas41315[Valor]) -> 0
B26: Animais de estimação | C26: =SUMIF(Despesas41315[Categoria], B26, Despesas41315[Valor]) -> 0
B27: Cheque | C27: =SUMIF(Despesas41315[Categoria], B27, Despesas41315[Valor]) -> 0
B28: Cartão de crédito | C28: =SUMIF(Despesas41315[Categoria], B28, Despesas41315[Valor]) -> 0
B29: Assinaturas | C29: =SUMIF(Despesas41315[Categoria], B29, Despesas41315[Valor]) -> 0
B30: Outros | C30: =SUMIF(Despesas41315[Categoria], B30, Despesas41315[Valor]) -> 0
B31: Gastos Fixos | C31: =SUM(G36:G76) -> 2180
B33: Lista de Despesas | G33: Gastos Fixos
B35: Data | C35: Valor | D35: Categoria | E35: Descrição | G35: Valor | H35: Descrição
B36: CTRL + ; adiciona a data auto | G36: =IF(Abril!G36="", "", Abril!G36) -> 980 | H36: =IF(Abril!H36="", "", Abril!H36) -> Energia da propriedade
G37: =IF(Abril!G37="", "", Abril!G37) -> 180 | H37: =IF(Abril!H37="", "", Abril!H37) -> Internet
G38: =IF(Abril!G38="", "", Abril!G38) -> 260 | H38: =IF(Abril!H38="", "", Abril!H38) -> Contabilidade
G39: =IF(Abril!G39="", "", Abril!G39) -> 310 | H39: =IF(Abril!H39="", "", Abril!H39) -> Seguro
G40: =IF(Abril!G40="", "", Abril!G40) -> 450 | H40: =IF(Abril!H40="", "", Abril!H40) -> Manutenção preventiva
G41: =IF(Abril!G41="", "", Abril!G41) | H41: =IF(Abril!H41="", "", Abril!H41)
G42: =IF(Abril!G42="", "", Abril!G42) | H42: =IF(Abril!H42="", "", Abril!H42)
G43: =IF(Abril!G43="", "", Abril!G43) | H43: =IF(Abril!H43="", "", Abril!H43)
G44: =IF(Abril!G44="", "", Abril!G44) | H44: =IF(Abril!H44="", "", Abril!H44)
G45: =IF(Abril!G45="", "", Abril!G45) | H45: =IF(Abril!H45="", "", Abril!H45)
G46: =IF(Abril!G46="", "", Abril!G46) | H46: =IF(Abril!H46="", "", Abril!H46)
G47: =IF(Abril!G47="", "", Abril!G47) | H47: =IF(Abril!H47="", "", Abril!H47)
G48: =IF(Abril!G48="", "", Abril!G48) | H48: =IF(Abril!H48="", "", Abril!H48)
... G76: =IF(Abril!G76="", "", Abril!G76) | H76: =IF(Abril!H76="", "", Abril!H76)

Sheet Junho
B2: Planilha Financeira
B4: Receitas | C4: =SUM(C$7:C$16) -> 0 | G4: Relação | AB4: Não são números aleatórios, são dados usados nos gráficos | AG4: Não apagar!
B6: Receita | C6: Valor | G6: Entrada | H6: Saída
B7: Produção de Leite | G7: =Junho!C4 -> 0 | H7: =Junho!C18 -> 2180 | AB7: {=_xlfn._xlws.FILTER(B7:B16, C7:C16>0)} -> #VALUE! | AC7: {=_xlfn._xlws.FILTER(C7:C16, C7:C16>0)} -> #VALUE! | AF7: =$G7 -> 0 | AG7: =$H7 -> 2180 | AH7: =$H18 -> -2180
B8: Venda de Animais
B9: Outros
B18: Despesas | C18: =SUM(C$21:C$31) -> 2180 | G18: Saldo | H18: =G7-H7 -> -2180
B20: Despesa | C20: Custo
B21: Alimentação | C21: =SUMIF(Despesas41315591117[Categoria], B21, Despesas41315591117[Valor]) -> 0 | AB21: {=_xlfn._xlws.FILTER(B21:B31, C21:C31>0)} -> Gastos Fixos | AC21: {=_xlfn._xlws.FILTER(C21:C33, C21:C33>0)} -> 2180
B22: Despesas veterinárias | C22: =SUMIF(Despesas41315591117[Categoria], B22, Despesas41315591117[Valor]) -> 0
B23: Gastos domésticos | C23: =SUMIF(Despesas41315591117[Categoria], B23, Despesas41315591117[Valor]) -> 0
B24: Transporte | C24: =SUMIF(Despesas41315591117[Categoria], B24, Despesas41315591117[Valor]) -> 0
B25: Funcionários | C25: =SUMIF(Despesas41315591117[Categoria], B25, Despesas41315591117[Valor]) -> 0
B26: Animais de estimação | C26: =SUMIF(Despesas41315591117[Categoria], B26, Despesas41315591117[Valor]) -> 0
B27: Cheque | C27: =SUMIF(Despesas41315591117[Categoria], B27, Despesas41315591117[Valor]) -> 0
B28: Cartão de crédito | C28: =SUMIF(Despesas41315591117[Categoria], B28, Despesas41315591117[Valor]) -> 0
B29: Assinaturas | C29: =SUMIF(Despesas41315591117[Categoria], B29, Despesas41315591117[Valor]) -> 0
B30: Outros | C30: =SUMIF(Despesas41315591117[Categoria], B30, Despesas41315591117[Valor]) -> 0
B31: Gastos Fixos | C31: =SUM(G36:G76) -> 2180
B33: Lista de Despesas | G33: Gastos Fixos
B35: Data | C35: Valor | D35: Categoria | E35: Descrição | G35: Valor | H35: Descrição
B36: CTRL + ; adiciona a data auto | G36: =IF(Maio!G36="", "", Maio!G36) -> 980 | H36: =IF(Maio!H36="", "", Maio!H36) -> Energia da propriedade
G37: =IF(Maio!G37="", "", Maio!G37) -> 180 | H37: =IF(Maio!H37="", "", Maio!H37) -> Internet
G38: =IF(Maio!G38="", "", Maio!G38) -> 260 | H38: =IF(Maio!H38="", "", Maio!H38) -> Contabilidade
G39: =IF(Maio!G39="", "", Maio!G39) -> 310 | H39: =IF(Maio!H39="", "", Maio!H39) -> Seguro
G40: =IF(Maio!G40="", "", Maio!G40) -> 450 | H40: =IF(Maio!H40="", "", Maio!H40) -> Manutenção preventiva
G41: =IF(Maio!G41="", "", Maio!G41) | H41: =IF(Maio!H41="", "", Maio!H41)
G42: =IF(Maio!G42="", "", Maio!G42) | H42: =IF(Maio!H42="", "", Maio!H42)
G43: =IF(Maio!G43="", "", Maio!G43) | H43: =IF(Maio!H43="", "", Maio!H43)
G44: =IF(Maio!G44="", "", Maio!G44) | H44: =IF(Maio!H44="", "", Maio!H44)
G45: =IF(Maio!G45="", "", Maio!G45) | H45: =IF(Maio!H45="", "", Maio!H45)
G46: =IF(Maio!G46="", "", Maio!G46) | H46: =IF(Maio!H46="", "", Maio!H46)
G47: =IF(Maio!G47="", "", Maio!G47) | H47: =IF(Maio!H47="", "", Maio!H47)
G48: =IF(Maio!G48="", "", Maio!G48) | H48: =IF(Maio!H48="", "", Maio!H48)
... G76: =IF(Maio!G76="", "", Maio!G76) | H76: =IF(Maio!H76="", "", Maio!H76)

Sheet Julho
B2: Planilha Financeira
B4: Receitas | C4: =SUM(C$7:C$16) -> 0 | G4: Relação | AB4: Não são números aleatórios, são dados usados nos gráficos | AG4: Não apagar!
B6: Receita | C6: Valor | G6: Entrada | H6: Saída
B7: Produção de Leite | G7: =Julho!C4 -> 0 | H7: =Julho!C18 -> 2180 | AB7: {=_xlfn._xlws.FILTER(B7:B16, C7:C16>0)} -> #VALUE! | AC7: {=_xlfn._xlws.FILTER(C7:C16, C7:C16>0)} -> #VALUE! | AF7: =$G7 -> 0 | AG7: =$H7 -> 2180 | AH7: =$H18 -> -2180
B8: Venda de Animais
B9: Outros
B18: Despesas | C18: =SUM(C$21:C$31) -> 2180 | G18: Saldo | H18: =G7-H7 -> -2180
B20: Despesa | C20: Custo
B21: Alimentação | C21: =SUMIF(Despesas413155911[Categoria], B21, Despesas413155911[Valor]) -> 0 | AB21: {=_xlfn._xlws.FILTER(B21:B31, C21:C31>0)} -> Gastos Fixos | AC21: {=_xlfn._xlws.FILTER(C21:C33, C21:C33>0)} -> 2180
B22: Despesas veterinárias | C22: =SUMIF(Despesas413155911[Categoria], B22, Despesas413155911[Valor]) -> 0
B23: Gastos domésticos | C23: =SUMIF(Despesas413155911[Categoria], B23, Despesas413155911[Valor]) -> 0
B24: Transporte | C24: =SUMIF(Despesas413155911[Categoria], B24, Despesas413155911[Valor]) -> 0
B25: Funcionários | C25: =SUMIF(Despesas413155911[Categoria], B25, Despesas413155911[Valor]) -> 0
B26: Animais de estimação | C26: =SUMIF(Despesas413155911[Categoria], B26, Despesas413155911[Valor]) -> 0
B27: Cheque | C27: =SUMIF(Despesas413155911[Categoria], B27, Despesas413155911[Valor]) -> 0
B28: Cartão de crédito | C28: =SUMIF(Despesas413155911[Categoria], B28, Despesas413155911[Valor]) -> 0
B29: Assinaturas | C29: =SUMIF(Despesas413155911[Categoria], B29, Despesas413155911[Valor]) -> 0
B30: Outros | C30: =SUMIF(Despesas413155911[Categoria], B30, Despesas413155911[Valor]) -> 0
B31: Gastos Fixos | C31: =SUM(G36:G76) -> 2180
B33: Lista de Despesas | G33: Gastos Fixos
B35: Data | C35: Valor | D35: Categoria | E35: Descrição | G35: Valor | H35: Descrição
B36: CTRL + ; adiciona a data auto | G36: =IF(Junho!G36="", "", Junho!G36) -> 980 | H36: =IF(Junho!H36="", "", Junho!H36) -> Energia da propriedade
G37: =IF(Junho!G37="", "", Junho!G37) -> 180 | H37: =IF(Junho!H37="", "", Junho!H37) -> Internet
G38: =IF(Junho!G38="", "", Junho!G38) -> 260 | H38: =IF(Junho!H38="", "", Junho!H38) -> Contabilidade
G39: =IF(Junho!G39="", "", Junho!G39) -> 310 | H39: =IF(Junho!H39="", "", Junho!H39) -> Seguro
G40: =IF(Junho!G40="", "", Junho!G40) -> 450 | H40: =IF(Junho!H40="", "", Junho!H40) -> Manutenção preventiva
G41: =IF(Junho!G41="", "", Junho!G41) | H41: =IF(Junho!H41="", "", Junho!H41)
G42: =IF(Junho!G42="", "", Junho!G42) | H42: =IF(Junho!H42="", "", Junho!H42)
G43: =IF(Junho!G43="", "", Junho!G43) | H43: =IF(Junho!H43="", "", Junho!H43)
G44: =IF(Junho!G44="", "", Junho!G44) | H44: =IF(Junho!H44="", "", Junho!H44)
G45: =IF(Junho!G45="", "", Junho!G45) | H45: =IF(Junho!H45="", "", Junho!H45)
G46: =IF(Junho!G46="", "", Junho!G46) | H46: =IF(Junho!H46="", "", Junho!H46)
G47: =IF(Junho!G47="", "", Junho!G47) | H47: =IF(Junho!H47="", "", Junho!H47)
G48: =IF(Junho!G48="", "", Junho!G48) | H48: =IF(Junho!H48="", "", Junho!H48)
... G76: =IF(Junho!G76="", "", Junho!G76) | H76: =IF(Junho!H76="", "", Junho!H76)

Sheet Agosto
B2: Planilha Financeira
B4: Receitas | C4: =SUM(C$7:C$16) -> 0 | G4: Relação | AB4: Não são números aleatórios, são dados usados nos gráficos | AG4: Não apagar!
B6: Receita | C6: Valor | G6: Entrada | H6: Saída
B7: Produção de Leite | G7: =Agosto!C4 -> 0 | H7: =Agosto!C18 -> 2180 | AB7: {=_xlfn._xlws.FILTER(B7:B16, C7:C16>0)} -> #VALUE! | AC7: {=_xlfn._xlws.FILTER(C7:C16, C7:C16>0)} -> #VALUE! | AF7: =$G7 -> 0 | AG7: =$H7 -> 2180 | AH7: =$H18 -> -2180
B8: Venda de Animais
B9: Outros
B18: Despesas | C18: =SUM(C$21:C$31) -> 2180 | G18: Saldo | H18: =G7-H7 -> -2180
B20: Despesa | C20: Custo
B21: Alimentação | C21: =SUMIF(Despesas4131559[Categoria], B21, Despesas4131559[Valor]) -> 0 | AB21: {=_xlfn._xlws.FILTER(B21:B31, C21:C31>0)} -> Gastos Fixos | AC21: {=_xlfn._xlws.FILTER(C21:C33, C21:C33>0)} -> 2180
B22: Despesas veterinárias | C22: =SUMIF(Despesas4131559[Categoria], B22, Despesas4131559[Valor]) -> 0
B23: Gastos domésticos | C23: =SUMIF(Despesas4131559[Categoria], B23, Despesas4131559[Valor]) -> 0
B24: Transporte | C24: =SUMIF(Despesas4131559[Categoria], B24, Despesas4131559[Valor]) -> 0
B25: Funcionários | C25: =SUMIF(Despesas4131559[Categoria], B25, Despesas4131559[Valor]) -> 0
B26: Animais de estimação | C26: =SUMIF(Despesas4131559[Categoria], B26, Despesas4131559[Valor]) -> 0
B27: Cheque | C27: =SUMIF(Despesas4131559[Categoria], B27, Despesas4131559[Valor]) -> 0
B28: Cartão de crédito | C28: =SUMIF(Despesas4131559[Categoria], B28, Despesas4131559[Valor]) -> 0
B29: Assinaturas | C29: =SUMIF(Despesas4131559[Categoria], B29, Despesas4131559[Valor]) -> 0
B30: Outros | C30: =SUMIF(Despesas4131559[Categoria], B30, Despesas4131559[Valor]) -> 0
B31: Gastos Fixos | C31: =SUM(G36:G76) -> 2180
B33: Lista de Despesas | G33: Gastos Fixos
B35: Data | C35: Valor | D35: Categoria | E35: Descrição | G35: Valor | H35: Descrição
B36: CTRL + ; adiciona a data auto | G36: =IF(Julho!G36="", "", Julho!G36) -> 980 | H36: =IF(Julho!H36="", "", Julho!H36) -> Energia da propriedade
G37: =IF(Julho!G37="", "", Julho!G37) -> 180 | H37: =IF(Julho!H37="", "", Julho!H37) -> Internet
G38: =IF(Julho!G38="", "", Julho!G38) -> 260 | H38: =IF(Julho!H38="", "", Julho!H38) -> Contabilidade
G39: =IF(Julho!G39="", "", Julho!G39) -> 310 | H39: =IF(Julho!H39="", "", Julho!H39) -> Seguro
G40: =IF(Julho!G40="", "", Julho!G40) -> 450 | H40: =IF(Julho!H40="", "", Julho!H40) -> Manutenção preventiva
G41: =IF(Julho!G41="", "", Julho!G41) | H41: =IF(Julho!H41="", "", Julho!H41)
G42: =IF(Julho!G42="", "", Julho!G42) | H42: =IF(Julho!H42="", "", Julho!H42)
G43: =IF(Julho!G43="", "", Julho!G43) | H43: =IF(Julho!H43="", "", Julho!H43)
G44: =IF(Julho!G44="", "", Julho!G44) | H44: =IF(Julho!H44="", "", Julho!H44)
G45: =IF(Julho!G45="", "", Julho!G45) | H45: =IF(Julho!H45="", "", Julho!H45)
G46: =IF(Julho!G46="", "", Julho!G46) | H46: =IF(Julho!H46="", "", Julho!H46)
G47: =IF(Julho!G47="", "", Julho!G47) | H47: =IF(Julho!H47="", "", Julho!H47)
G48: =IF(Julho!G48="", "", Julho!G48) | H48: =IF(Julho!H48="", "", Julho!H48)
... G76: =IF(Julho!G76="", "", Julho!G76) | H76: =IF(Julho!H76="", "", Julho!H76)

Sheet Setembro
B2: Planilha Financeira
B4: Receitas | C4: =SUM(C$7:C$16) -> 0 | G4: Relação | AB4: Não são números aleatórios, são dados usados nos gráficos | AG4: Não apagar!
B6: Receita | C6: Valor | G6: Entrada | H6: Saída
B7: Produção de Leite | G7: =Setembro!C4 -> 0 | H7: =Setembro!C18 -> 2180 | AB7: {=_xlfn._xlws.FILTER(B7:B16, C7:C16>0)} -> #VALUE! | AC7: {=_xlfn._xlws.FILTER(C7:C16, C7:C16>0)} -> #VALUE! | AF7: =$G7 -> 0 | AG7: =$H7 -> 2180 | AH7: =$H18 -> -2180
B8: Venda de Animais
B9: Outros
B18: Despesas | C18: =SUM(C$21:C$31) -> 2180 | G18: Saldo | H18: =G7-H7 -> -2180
B20: Despesa | C20: Custo
B21: Alimentação | C21: =SUMIF(Despesas413155[Categoria], B21, Despesas413155[Valor]) -> 0 | AB21: {=_xlfn._xlws.FILTER(B21:B31, C21:C31>0)} -> Gastos Fixos | AC21: {=_xlfn._xlws.FILTER(C21:C33, C21:C33>0)} -> 2180
B22: Despesas veterinárias | C22: =SUMIF(Despesas413155[Categoria], B22, Despesas413155[Valor]) -> 0
B23: Gastos domésticos | C23: =SUMIF(Despesas413155[Categoria], B23, Despesas413155[Valor]) -> 0
B24: Transporte | C24: =SUMIF(Despesas413155[Categoria], B24, Despesas413155[Valor]) -> 0
B25: Funcionários | C25: =SUMIF(Despesas413155[Categoria], B25, Despesas413155[Valor]) -> 0
B26: Animais de estimação | C26: =SUMIF(Despesas413155[Categoria], B26, Despesas413155[Valor]) -> 0
B27: Cheque | C27: =SUMIF(Despesas413155[Categoria], B27, Despesas413155[Valor]) -> 0
B28: Cartão de crédito | C28: =SUMIF(Despesas413155[Categoria], B28, Despesas413155[Valor]) -> 0
B29: Assinaturas | C29: =SUMIF(Despesas413155[Categoria], B29, Despesas413155[Valor]) -> 0
B30: Outros | C30: =SUMIF(Despesas413155[Categoria], B30, Despesas413155[Valor]) -> 0
B31: Gastos Fixos | C31: =SUM(G36:G76) -> 2180
B33: Lista de Despesas | G33: Gastos Fixos
B35: Data | C35: Valor | D35: Categoria | E35: Descrição | G35: Valor | H35: Descrição
B36: CTRL + ; adiciona a data auto | G36: =IF(Agosto!G36="", "", Agosto!G36) -> 980 | H36: =IF(Agosto!H36="", "", Agosto!H36) -> Energia da propriedade
G37: =IF(Agosto!G37="", "", Agosto!G37) -> 180 | H37: =IF(Agosto!H37="", "", Agosto!H37) -> Internet
G38: =IF(Agosto!G38="", "", Agosto!G38) -> 260 | H38: =IF(Agosto!H38="", "", Agosto!H38) -> Contabilidade
G39: =IF(Agosto!G39="", "", Agosto!G39) -> 310 | H39: =IF(Agosto!H39="", "", Agosto!H39) -> Seguro
G40: =IF(Agosto!G40="", "", Agosto!G40) -> 450 | H40: =IF(Agosto!H40="", "", Agosto!H40) -> Manutenção preventiva
G41: =IF(Agosto!G41="", "", Agosto!G41) | H41: =IF(Agosto!H41="", "", Agosto!H41)
G42: =IF(Agosto!G42="", "", Agosto!G42) | H42: =IF(Agosto!H42="", "", Agosto!H42)
G43: =IF(Agosto!G43="", "", Agosto!G43) | H43: =IF(Agosto!H43="", "", Agosto!H43)
G44: =IF(Agosto!G44="", "", Agosto!G44) | H44: =IF(Agosto!H44="", "", Agosto!H44)
G45: =IF(Agosto!G45="", "", Agosto!G45) | H45: =IF(Agosto!H45="", "", Agosto!H45)
G46: =IF(Agosto!G46="", "", Agosto!G46) | H46: =IF(Agosto!H46="", "", Agosto!H46)
G47: =IF(Agosto!G47="", "", Agosto!G47) | H47: =IF(Agosto!H47="", "", Agosto!H47)
G48: =IF(Agosto!G48="", "", Agosto!G48) | H48: =IF(Agosto!H48="", "", Agosto!H48)
... G76: =IF(Agosto!G76="", "", Agosto!G76) | H76: =IF(Agosto!H76="", "", Agosto!H76)

Sheet Outubro
B2: Planilha Financeira
B4: Receitas | C4: =SUM(C$7:C$16) -> 0 | G4: Relação | AB4: Não são números aleatórios, são dados usados nos gráficos | AG4: Não apagar!
B6: Receita | C6: Valor | G6: Entrada | H6: Saída
B7: Produção de Leite | G7: =Outubro!C4 -> 0 | H7: =Outubro!C18 -> 2180 | AB7: {=_xlfn._xlws.FILTER(B7:B16, C7:C16>0)} -> #VALUE! | AC7: {=_xlfn._xlws.FILTER(C7:C16, C7:C16>0)} -> #VALUE! | AF7: =$G7 -> 0 | AG7: =$H7 -> 2180 | AH7: =$H18 -> -2180
B8: Venda de Animais
B9: Outros
B18: Despesas | C18: =SUM(C$21:C$31) -> 2180 | G18: Saldo | H18: =G7-H7 -> -2180
B20: Despesa | C20: Custo
B21: Alimentação | C21: =SUMIF(Despesas4131557[Categoria], B21, Despesas4131557[Valor]) -> 0 | AB21: {=_xlfn._xlws.FILTER(B21:B31, C21:C31>0)} -> Gastos Fixos | AC21: {=_xlfn._xlws.FILTER(C21:C33, C21:C33>0)} -> 2180
B22: Despesas veterinárias | C22: =SUMIF(Despesas4131557[Categoria], B22, Despesas4131557[Valor]) -> 0
B23: Gastos domésticos | C23: =SUMIF(Despesas4131557[Categoria], B23, Despesas4131557[Valor]) -> 0
B24: Transporte | C24: =SUMIF(Despesas4131557[Categoria], B24, Despesas4131557[Valor]) -> 0
B25: Funcionários | C25: =SUMIF(Despesas4131557[Categoria], B25, Despesas4131557[Valor]) -> 0
B26: Animais de estimação | C26: =SUMIF(Despesas4131557[Categoria], B26, Despesas4131557[Valor]) -> 0
B27: Cheque | C27: =SUMIF(Despesas4131557[Categoria], B27, Despesas4131557[Valor]) -> 0
B28: Cartão de crédito | C28: =SUMIF(Despesas4131557[Categoria], B28, Despesas4131557[Valor]) -> 0
B29: Assinaturas | C29: =SUMIF(Despesas4131557[Categoria], B29, Despesas4131557[Valor]) -> 0
B30: Outros | C30: =SUMIF(Despesas4131557[Categoria], B30, Despesas4131557[Valor]) -> 0
B31: Gastos Fixos | C31: =SUM(G36:G76) -> 2180
B33: Lista de Despesas | G33: Gastos Fixos
B35: Data | C35: Valor | D35: Categoria | E35: Descrição | G35: Valor | H35: Descrição
B36: CTRL + ; adiciona a data auto | G36: =IF(Setembro!G36="", "", Setembro!G36) -> 980 | H36: =IF(Setembro!H36="", "", Setembro!H36) -> Energia da propriedade
G37: =IF(Setembro!G37="", "", Setembro!G37) -> 180 | H37: =IF(Setembro!H37="", "", Setembro!H37) -> Internet
G38: =IF(Setembro!G38="", "", Setembro!G38) -> 260 | H38: =IF(Setembro!H38="", "", Setembro!H38) -> Contabilidade
G39: =IF(Setembro!G39="", "", Setembro!G39) -> 310 | H39: =IF(Setembro!H39="", "", Setembro!H39) -> Seguro
G40: =IF(Setembro!G40="", "", Setembro!G40) -> 450 | H40: =IF(Setembro!H40="", "", Setembro!H40) -> Manutenção preventiva
G41: =IF(Setembro!G41="", "", Setembro!G41) | H41: =IF(Setembro!H41="", "", Setembro!H41)
G42: =IF(Setembro!G42="", "", Setembro!G42) | H42: =IF(Setembro!H42="", "", Setembro!H42)
G43: =IF(Setembro!G43="", "", Setembro!G43) | H43: =IF(Setembro!H43="", "", Setembro!H43)
G44: =IF(Setembro!G44="", "", Setembro!G44) | H44: =IF(Setembro!H44="", "", Setembro!H44)
G45: =IF(Setembro!G45="", "", Setembro!G45) | H45: =IF(Setembro!H45="", "", Setembro!H45)
G46: =IF(Setembro!G46="", "", Setembro!G46) | H46: =IF(Setembro!H46="", "", Setembro!H46)
G47: =IF(Setembro!G47="", "", Setembro!G47) | H47: =IF(Setembro!H47="", "", Setembro!H47)
G48: =IF(Setembro!G48="", "", Setembro!G48) | H48: =IF(Setembro!H48="", "", Setembro!H48)
... G76: =IF(Setembro!G76="", "", Setembro!G76) | H76: =IF(Setembro!H76="", "", Setembro!H76)

Sheet Novembro
B2: Planilha Financeira
B4: Receitas | C4: =SUM(C$7:C$16) -> 0 | G4: Relação | AB4: Não são números aleatórios, são dados usados nos gráficos | AG4: Não apagar!
B6: Receita | C6: Valor | G6: Entrada | H6: Saída
B7: Produção de Leite | G7: =Novembro!C4 -> 0 | H7: =Novembro!C18 -> 2180 | AB7: {=_xlfn._xlws.FILTER(B7:B16, C7:C16>0)} -> #VALUE! | AC7: {=_xlfn._xlws.FILTER(C7:C16, C7:C16>0)} -> #VALUE! | AF7: =$G7 -> 0 | AG7: =$H7 -> 2180 | AH7: =$H18 -> -2180
B8: Venda de Animais
B9: Outros
B18: Despesas | C18: =SUM(C$21:C$31) -> 2180 | G18: Saldo | H18: =G7-H7 -> -2180
B20: Despesa | C20: Custo
B21: Alimentação | C21: =SUMIF(Despesas41315572325[Categoria], B21, Despesas41315572325[Valor]) -> 0 | AB21: {=_xlfn._xlws.FILTER(B21:B31, C21:C31>0)} -> Gastos Fixos | AC21: {=_xlfn._xlws.FILTER(C21:C33, C21:C33>0)} -> 2180
B22: Despesas veterinárias | C22: =SUMIF(Despesas41315572325[Categoria], B22, Despesas41315572325[Valor]) -> 0
B23: Gastos domésticos | C23: =SUMIF(Despesas41315572325[Categoria], B23, Despesas41315572325[Valor]) -> 0
B24: Transporte | C24: =SUMIF(Despesas41315572325[Categoria], B24, Despesas41315572325[Valor]) -> 0
B25: Funcionários | C25: =SUMIF(Despesas41315572325[Categoria], B25, Despesas41315572325[Valor]) -> 0
B26: Animais de estimação | C26: =SUMIF(Despesas41315572325[Categoria], B26, Despesas41315572325[Valor]) -> 0
B27: Cheque | C27: =SUMIF(Despesas41315572325[Categoria], B27, Despesas41315572325[Valor]) -> 0
B28: Cartão de crédito | C28: =SUMIF(Despesas41315572325[Categoria], B28, Despesas41315572325[Valor]) -> 0
B29: Assinaturas | C29: =SUMIF(Despesas41315572325[Categoria], B29, Despesas41315572325[Valor]) -> 0
B30: Outros | C30: =SUMIF(Despesas41315572325[Categoria], B30, Despesas41315572325[Valor]) -> 0
B31: Gastos Fixos | C31: =SUM(G36:G76) -> 2180
B33: Lista de Despesas | G33: Gastos Fixos
B35: Data | C35: Valor | D35: Categoria | E35: Descrição | G35: Valor | H35: Descrição
B36: CTRL + ; adiciona a data auto | G36: =IF(Outubro!G36="", "", Outubro!G36) -> 980 | H36: =IF(Outubro!H36="", "", Outubro!H36) -> Energia da propriedade
G37: =IF(Outubro!G37="", "", Outubro!G37) -> 180 | H37: =IF(Outubro!H37="", "", Outubro!H37) -> Internet
G38: =IF(Outubro!G38="", "", Outubro!G38) -> 260 | H38: =IF(Outubro!H38="", "", Outubro!H38) -> Contabilidade
G39: =IF(Outubro!G39="", "", Outubro!G39) -> 310 | H39: =IF(Outubro!H39="", "", Outubro!H39) -> Seguro
G40: =IF(Outubro!G40="", "", Outubro!G40) -> 450 | H40: =IF(Outubro!H40="", "", Outubro!H40) -> Manutenção preventiva
G41: =IF(Outubro!G41="", "", Outubro!G41) | H41: =IF(Outubro!H41="", "", Outubro!H41)
G42: =IF(Outubro!G42="", "", Outubro!G42) | H42: =IF(Outubro!H42="", "", Outubro!H42)
G43: =IF(Outubro!G43="", "", Outubro!G43) | H43: =IF(Outubro!H43="", "", Outubro!H43)
G44: =IF(Outubro!G44="", "", Outubro!G44) | H44: =IF(Outubro!H44="", "", Outubro!H44)
G45: =IF(Outubro!G45="", "", Outubro!G45) | H45: =IF(Outubro!H45="", "", Outubro!H45)
G46: =IF(Outubro!G46="", "", Outubro!G46) | H46: =IF(Outubro!H46="", "", Outubro!H46)
G47: =IF(Outubro!G47="", "", Outubro!G47) | H47: =IF(Outubro!H47="", "", Outubro!H47)
G48: =IF(Outubro!G48="", "", Outubro!G48) | H48: =IF(Outubro!H48="", "", Outubro!H48)
... G76: =IF(Outubro!G76="", "", Outubro!G76) | H76: =IF(Outubro!H76="", "", Outubro!H76)

Sheet Dezembro
B2: Planilha Financeira
B4: Receitas | C4: =SUM(C$7:C$16) -> 0 | G4: Relação | AB4: Não são números aleatórios, são dados usados nos gráficos | AG4: Não apagar!
B6: Receita | C6: Valor | G6: Entrada | H6: Saída
B7: Produção de Leite | G7: =Dezembro!C4 -> 0 | H7: =Dezembro!C18 -> 2180 | AB7: {=_xlfn._xlws.FILTER(B7:B16, C7:C16>0)} -> #VALUE! | AC7: {=_xlfn._xlws.FILTER(C7:C16, C7:C16>0)} -> #VALUE! | AF7: =$G7 -> 0 | AG7: =$H7 -> 2180 | AH7: =$H18 -> -2180
B8: Venda de Animais
B9: Outros
B18: Despesas | C18: =SUM(C$21:C$31) -> 2180 | G18: Saldo | H18: =G7-H7 -> -2180
B20: Despesa | C20: Custo
B21: Alimentação | C21: =SUMIF(Despesas413155723[Categoria], B21, Despesas413155723[Valor]) -> 0 | AB21: {=_xlfn._xlws.FILTER(B21:B31, C21:C31>0)} -> Gastos Fixos | AC21: {=_xlfn._xlws.FILTER(C21:C33, C21:C33>0)} -> 2180
B22: Despesas veterinárias | C22: =SUMIF(Despesas413155723[Categoria], B22, Despesas413155723[Valor]) -> 0
B23: Gastos domésticos | C23: =SUMIF(Despesas413155723[Categoria], B23, Despesas413155723[Valor]) -> 0
B24: Transporte | C24: =SUMIF(Despesas413155723[Categoria], B24, Despesas413155723[Valor]) -> 0
B25: Funcionários | C25: =SUMIF(Despesas413155723[Categoria], B25, Despesas413155723[Valor]) -> 0
B26: Animais de estimação | C26: =SUMIF(Despesas413155723[Categoria], B26, Despesas413155723[Valor]) -> 0
B27: Cheque | C27: =SUMIF(Despesas413155723[Categoria], B27, Despesas413155723[Valor]) -> 0
B28: Cartão de crédito | C28: =SUMIF(Despesas413155723[Categoria], B28, Despesas413155723[Valor]) -> 0
B29: Assinaturas | C29: =SUMIF(Despesas413155723[Categoria], B29, Despesas413155723[Valor]) -> 0
B30: Outros | C30: =SUMIF(Despesas413155723[Categoria], B30, Despesas413155723[Valor]) -> 0
B31: Gastos Fixos | C31: =SUM(G36:G76) -> 2180
B33: Lista de Despesas | G33: Gastos Fixos
B35: Data | C35: Valor | D35: Categoria | E35: Descrição | G35: Valor | H35: Descrição
B36: CTRL + ; adiciona a data auto | G36: =IF(Novembro!G36="", "", Novembro!G36) -> 980 | H36: =IF(Novembro!H36="", "", Novembro!H36) -> Energia da propriedade
G37: =IF(Abril!G37="", "", Abril!G37) -> 180 | H37: =IF(Abril!H37="", "", Abril!H37) -> Internet
G38: =IF(Abril!G38="", "", Abril!G38) -> 260 | H38: =IF(Abril!H38="", "", Abril!H38) -> Contabilidade
G39: =IF(Abril!G39="", "", Abril!G39) -> 310 | H39: =IF(Abril!H39="", "", Abril!H39) -> Seguro
G40: =IF(Abril!G40="", "", Abril!G40) -> 450 | H40: =IF(Abril!H40="", "", Abril!H40) -> Manutenção preventiva
G41: =IF(Abril!G41="", "", Abril!G41) | H41: =IF(Abril!H41="", "", Abril!H41)
G42: =IF(Abril!G42="", "", Abril!G42) | H42: =IF(Abril!H42="", "", Abril!H42)
G43: =IF(Abril!G43="", "", Abril!G43) | H43: =IF(Abril!H43="", "", Abril!H43)
G44: =IF(Abril!G44="", "", Abril!G44) | H44: =IF(Abril!H44="", "", Abril!H44)
G45: =IF(Abril!G45="", "", Abril!G45) | H45: =IF(Abril!H45="", "", Abril!H45)
G46: =IF(Abril!G46="", "", Abril!G46) | H46: =IF(Abril!H46="", "", Abril!H46)
G47: =IF(Abril!G47="", "", Abril!G47) | H47: =IF(Abril!H47="", "", Abril!H47)
G48: =IF(Abril!G48="", "", Abril!G48) | H48: =IF(Abril!H48="", "", Abril!H48)
... G76: =IF(Abril!G76="", "", Abril!G76) | H76: =IF(Abril!H76="", "", Abril!H76)
